[Event "ICC Open 2015"]
[Site "Internet Chess Club"]
[Date "2015.05.30"]
[Round "8"]
[White "Ancient"]
[Black "smoothg"]
[Result "1-0"]
[ICCResult "Black forfeits on time"]
[WhiteElo "2128"]
[BlackElo "1862"]
[Opening "Robatsch (modern) defense"]
[ECO "B06"]
[NIC "KF.05"]
[Time "15:35:09"]
[TimeControl "180+0"]

1. e4 g6 2. d4 Bg7 3. c3 c5 4. Nf3 cxd4 5. cxd4 d5 6. e5 Nc6 7. Nc3 Bg4 8.
Be3 Bxf3 9. Qxf3 e6 10. Bb5 Ne7 11. O-O O-O 12. Rfd1 f6 13. Qh3 Nf5 14. exf6
Bxf6 15. Bxc6 bxc6 16. Rac1 Qd6 17. Na4 Rae8 18. Nc5 e5 19. dxe5 Bxe5 20.
Bg5 Ng7 21. Nd3 Bf6 22. Bxf6 Rxf6 23. Rc2 Ref8 24. Rdc1 Nf5 25. Qg4 Qd8 26.
Rxc6 Nh6 27. Qe2 R6f7 28. R6c2 Nf5 29. Qg4 Re7 30. h4 Kg7 31. h5 Nh6 32.
Qd4+ Rf6 33. hxg6 hxg6 34. Rc8 Qd6 35. R8c6 Rd7 36. Rxd6 Rxd6 37. Rc7+ Kf8
38. f3 Nf5 39. Qxa7 Rde6 40. Rc8+ Re8 41. Rxe8+ Kxe8 42. Qh7 Rf7 43. Qxg6
Ne7 44. Qg3 Kf8 45. Ne5 Rf6 46. Nd7+ Kf7 47. Nxf6 Kxf6 48. Qh4+ Ke6 49.
Qxe7+ {Black forfeits on time} 1-0

[Event "ICC Open 2015"]
[Site "Internet Chess Club"]
[Date "2015.05.30"]
[Round "8"]
[White "ural"]
[Black "ILYMJPDL"]
[Result "1-0"]
[ICCResult "Black resigns"]
[WhiteElo "2381"]
[BlackElo "2000"]
[Opening "Scandinavian defense"]
[ECO "B01"]
[NIC "SD.03"]
[Time "15:36:14"]
[TimeControl "180+0"]

1. e4 d5 2. exd5 Nf6 3. d4 Bg4 4. Bb5+ Nbd7 5. Be2 Bxe2 6. Qxe2 Nxd5 7. c4
N5f6 8. Nc3 e6 9. Nf3 Bb4 10. Bf4 O-O 11. O-O Bd6 12. Bg5 Be7 13. Rfd1 h6
14. Bh4 Nh7 15. Bg3 Bd6 16. Bxd6 cxd6 17. b4 Rc8 18. c5 Ndf6 19. Nb5 dxc5
20. dxc5 Qe8 21. Nxa7 Ra8 22. Nb5 Nd5 23. a3 Nhf6 24. Ne5 Nd7 25. Nd6 Qe7
26. Ng6 Qf6 27. Nxf8 Nc3 28. Qd3 Nxd1 29. Qh7+ Kxf8 30. Rxd1 g5 31. Nxf7
Nxc5 32. Nxh6 Qg7 33. Qc2 Qxh6 34. Qxc5+ Kg8 35. Qe7 Qg7 36. Qxe6+ Kh8 37.
h3 Rxa3 38. Rd8+ {Black resigns} 1-0

[Event "ICC Open 2015"]
[Site "Internet Chess Club"]
[Date "2015.05.30"]
[Round "8"]
[White "VoltesV"]
[Black "carpenterdale"]
[Result "1-0"]
[ICCResult "Black forfeits on time"]
[WhiteElo "1576"]
[BlackElo "1270"]
[Opening "Queen's pawn game"]
[ECO "D02"]
[NIC "QP.08"]
[Time "15:36:00"]
[TimeControl "180+0"]

1. d4 d5 2. Nf3 c6 3. Bf4 Bf5 4. c3 Nd7 5. Nbd2 e6 6. Bg3 Ngf6 7. Nh4 Bg4 8.
Qb3 b6 9. e3 Be7 10. Nhf3 O-O 11. Bd3 Bf5 12. c4 c5 13. Bxf5 exf5 14. cxd5
Nh5 15. Qc2 Nxg3 16. hxg3 g6 17. Ne5 Rc8 18. Nc6 Nf6 19. Nxe7+ Qxe7 20. Kf1
Nxd5 21. dxc5 Rxc5 22. Qb3 Rd8 23. Nf3 Qe4 24. Re1 Rdc8 25. Ng5 Qg4 26. Nxh7
Kg7 27. Rh4 {Black forfeits on time} 1-0

[Event "ICC Open 2015"]
[Site "Internet Chess Club"]
[Date "2015.05.30"]
[Round "8"]
[White "Inmune"]
[Black "totus"]
[Result "1-0"]
[ICCResult "Black checkmated"]
[WhiteElo "2990"]
[BlackElo "2337"]
[Opening "Old Indian defense"]
[ECO "A54"]
[NIC "OI.03"]
[Time "15:35:31"]
[TimeControl "180+0"]

1. d4 d6 2. c4 e5 3. Nf3 Nd7 4. Nc3 Ngf6 5. Bg5 Be7 6. e3 O-O 7. Qc2 c6 8.
Bd3 Re8 9. O-O-O Qc7 10. h3 Nf8 11. g4 exd4 12. Nxd4 Qa5 13. Bf4 Ng6 14. Bg3
Ne5 15. Be2 Bf8 16. f4 Ng6 17. e4 a6 18. Nf5 b5 19. Bf3 b4 20. Na4 d5 21. e5
Ne4 22. Bxe4 dxe4 23. h4 Ne7 24. Ne3 Rb8 25. b3 c5 26. f5 Nc6 27. Rd5 Nd4
28. Qb2 Bb7 29. Qxd4 cxd4 30. Rxa5 dxe3 31. Re1 Rbd8 32. Rxe3 Rd7 33. Nc5
Bxc5 34. Rxc5 Red8 35. Re1 Rd3 36. Bf4 h5 37. g5 Bc8 38. e6 fxe6 39. f6 gxf6
40. gxf6 Kf7 41. Rxh5 Rc3+ 42. Kb1 e5 43. Bxe5 Rf3 44. Rh7+ Ke6 45. Re7+ Kf5
46. f7 Rf8 47. Bg7 e3 48. Bxf8 Kg4 49. Bh6 Bf5+ 50. Ka1 Bg6 51. f8=Q Rxf8
52. Bxf8 Kxh4 53. R7xe3 Kg4 54. Be7 Bc2 55. Bxb4 Kf5 56. Bd2 Kf6 57. Rf1+
Kg5 58. Rg3+ Kh4 59. Rg7 Be4 60. Rfg1 a5 61. R1g4+ Kh3 62. R4g5 Kh2 63. Rh5#
{Black checkmated}
1-0

[Event "ICC Open 2015"]
[Site "Internet Chess Club"]
[Date "2015.05.30"]
[Round "8"]
[White "RaptureMan"]
[Black "Kempka"]
[Result "0-1"]
[ICCResult "White checkmated"]
[WhiteElo "2253"]
[BlackElo "2728"]
[Opening "Sicilian: Smith-Morra gambit"]
[ECO "B21"]
[NIC "SI.48"]
[Time "15:35:33"]
[TimeControl "180+0"]

1. e4 c5 2. d4 cxd4 3. c3 dxc3 4. Nxc3 Nc6 5. Bc4 e6 6. Nf3 Nf6 7. e5 d5 8.
Bd3 Nd7 9. Bf4 Qc7 10. Qe2 h6 11. Bg3 Bb4 12. O-O Bxc3 13. bxc3 Nc5 14. c4
Nxd3 15. Qxd3 Nb4 16. Qd2 a5 17. a3 Nc6 18. cxd5 exd5 19. e6 Qd8 20. exf7+
Kxf7 21. Qd3 Rf8 22. Rad1 Kg8 23. Qxd5+ Qxd5 24. Rxd5 Be6 25. Rb5 Bc4 26.
Rxb7 Bxf1 27. Kxf1 Rad8 28. Rc7 Rc8 29. Rb7 Rf7 30. Rb1 Rd7 31. h3 Nd4 32.
Nxd4 Rxd4 33. Rb3 Re8 34. Kg1 a4 35. Rf3 Rf8 36. Re3 Rfd8 37. Kh2 Rd3 38.
Re7 R8d7 39. Re4 Rxa3 40. Be5 Ra2 41. f4 a3 42. Ra4 Rdd2 43. Kg3 Rxg2+ 44.
Kh4 g5+ 45. fxg5 Rxg5 46. Bf4 Rb5 47. Bxh6 Rb3 48. Bg5 Rab2 49. Bf6 Rb4+ 50.
Rxb4 Rxb4+ 51. Kg5 a2 52. h4 Rb5+ 53. Kg4 Ra5 54. Ba1 Rb5 55. h5 Rb1 56. Bd4
a1=Q 57. Bxa1 Rxa1 58. Kg5 Kh7 59. Kf5 Ra5+ 60. Kg4 Kh6 61. Kh4 Ra4+ 62. Kg3
Kxh5 63. Kf3 Rg4 64. Ke3 Kg5 65. Kf3 Rf4+ 66. Ke3 Kf5 67. Kd3 Re4 68. Kc3
Ke5 69. Kd3 Kd5 70. Kc3 Rd4 71. Kb3 Rc4 72. Kb2 Kc5 73. Kb3 Kb5 74. Kb2 Kb4
75. Ka2 Rc3 76. Kb1 Kb3 77. Ka1 Rc1# {White checkmated} 0-1

[Event "ICC Open 2015"]
[Site "Internet Chess Club"]
[Date "2015.05.30"]
[Round "8"]
[White "paulleon"]
[Black "nitishdas"]
[Result "1-0"]
[ICCResult "Black checkmated"]
[WhiteElo "2061"]
[BlackElo "1812"]
[Opening "Queen's pawn: Charlick (Englund) gambit"]
[ECO "A40"]
[NIC "QO.17"]
[Time "15:35:26"]
[TimeControl "180+0"]

1. d4 e5 2. c4 exd4 3. Qxd4 Nc6 4. Qd1 Bc5 5. e3 Nf6 6. Nf3 d5 7. Be2 Be6 8.
O-O O-O 9. cxd5 Nxd5 10. Nc3 Nxc3 11. bxc3 Qf6 12. Bb2 Rad8 13. Qc2 Bf5 14.
Qb3 Na5 15. Qa4 b6 16. Nd4 Be4 17. c4 Bxd4 18. Bxd4 Qg5 19. f3 Bc6 20. Qb4
Rfe8 21. Rfd1 Rxd4 22. e4 Red8 23. Re1 Qc5 24. Qxc5 bxc5 25. Rab1 Nxc4 26.
Rec1 Nd2 27. Rb2 c4 28. Rbc2 Bb5 29. Kf2 c6 30. Ke3 c3 31. Bxb5 cxb5 32.
Rxc3 Nc4+ 33. Kf4 Rd2 34. g4 Rxa2 35. Rb3 Rxh2 36. Rxb5 Nd2 37. Kg3 g5 38.
Kxh2 Nxf3+ 39. Kg3 Nd2 40. Rb7 Nxe4+ 41. Kf3 Nd6 42. Rxa7 Nc4 43. Rxc4 Rd3+
44. Ke4 Rg3 45. Kf5 Rf3+ 46. Kxg5 h6+ 47. Kxh6 f5 48. Rc8# {Black
checkmated} 1-0

[Event "ICC Open 2015"]
[Site "Internet Chess Club"]
[Date "2015.05.30"]
[Round "8"]
[White "MadMad"]
[Black "bythebook"]
[Result "1-0"]
[ICCResult "Black forfeits on time"]
[WhiteElo "1455"]
[BlackElo "1600"]
[Opening "Benoni: four pawns attack, main line"]
[ECO "A69"]
[NIC "BI.29"]
[Time "15:36:29"]
[TimeControl "180+0"]

1. d4 Nf6 2. c4 g6 3. Nc3 Bg7 4. e4 d6 5. f4 O-O 6. Nf3 c5 7. d5 e6 8. Be2
exd5 9. cxd5 Re8 10. e5 Ng4 11. h3 Nh6 12. e6 fxe6 13. dxe6 Bxe6 14. O-O Nc6
15. Be3 b6 16. Qd2 d5 17. f5 Nxf5 18. Bg5 Qd7 19. Bb5 a6 20. Bd3 Ncd4 21.
Rad1 b5 22. Bxf5 Bxf5 23. Nh4 Be6 24. Rfe1 b4 25. Ne2 a5 26. Nf4 Bf7 27. Rf1
h6 28. Nfxg6 hxg5 29. Qxg5 Ne2+ 30. Kh1 Qe6 31. Nf4 Nxf4 32. Rxf4 Qe3 33.
Nf5 {Black forfeits on time} 1-0

[Event "ICC Open 2015"]
[Site "Internet Chess Club"]
[Date "2015.05.30"]
[Round "8"]
[White "garompon"]
[Black "Danya"]
[Result "0-1"]
[ICCResult "White forfeits on time"]
[WhiteElo "2611"]
[BlackElo "3084"]
[Opening "Scotch: Göring gambit"]
[ECO "C44"]
[NIC "SO.06"]
[Time "15:36:12"]
[TimeControl "180+0"]

1. e4 e5 2. Nf3 Nc6 3. d4 exd4 4. c3 Nf6 5. e5 Nd5 6. cxd4 d6 7. Bc4 Nb6 8.
Bb5 d5 9. Nc3 Be7 10. O-O O-O 11. h3 Bf5 12. Re1 Nb4 13. Rf1 c6 14. Be2 c5
15. a3 Nc6 16. dxc5 Bxc5 17. b4 Be7 18. Be3 Be6 19. Nb5 Nc4 20. Bxc4 dxc4
21. Nd6 Nxe5 22. Nxb7 Qxd1 23. Rfxd1 Nd3 24. Nc5 Nxc5 25. bxc5 Rfc8 26. Nd4
Bxc5 27. Nxe6 Bxe3 28. fxe3 fxe6 29. Rd6 c3 30. Rc1 Rab8 31. Kh2 c2 32. Rd2
Rb2 33. Kg3 h6 34. Kf2 Rc3 35. a4 a5 36. Ke2 Kf7 37. Rd3 Rc4 38. Kd2 Rxa4
39. Rd7+ Kg6 40. Re7 Kf6 41. Ra7 Raa2 42. Ra6 Rb1 43. Rxc2 Rxc2+ 44. Kxc2
Rg1 45. g4 Rg2+ 46. Kd3 Rg3 47. Rxa5 Rxh3 48. Ke4 Rh1 49. Kf4 Rf1+ 50. Kg3
Rc1 51. Ra4 e5 52. Ra6+ Kf7 53. Rb6 Re1 54. Kf3 Rf1+ {White forfeits on
time} 0-1

[Event "ICC Open 2015"]
[Site "Internet Chess Club"]
[Date "2015.05.30"]
[Round "8"]
[White "PJJVenegas"]
[Black "Favarin"]
[Result "1-0"]
[ICCResult "Black checkmated"]
[WhiteElo "2314"]
[BlackElo "1942"]
[Opening "QGD Slav: 3.Nf3"]
[ECO "D11"]
[NIC "QP.11"]
[Time "15:35:56"]
[TimeControl "180+0"]

1. Nf3 c6 2. d4 d5 3. c4 Bg4 4. Nc3 Bxf3 5. exf3 e6 6. Bf4 Nf6 7. Qd2 Bb4 8.
c5 Qa5 9. a3 Nbd7 10. Bd3 Bxc3 11. bxc3 O-O 12. O-O Rfe8 13. Rfe1 b6 14.
cxb6 axb6 15. Qc2 c5 16. Reb1 c4 17. Bf1 Nb8 18. a4 Nbd7 19. h4 Rec8 20. g4
Ne8 21. h5 Nc7 22. Bh3 Na6 23. g5 Nab8 24. g6 hxg6 25. hxg6 Nc6 26. Kg2 Qa6
27. Re1 Re8 28. gxf7+ Kxf7 29. Qh7 Nf6 30. Qh4 Qa5 31. Re3 b5 32. Rg1 bxa4
33. Kh2 Nd8 34. Qg5 Rg8 35. Be5 Qb6 36. Bxf6 a3 37. Qg6+ Kf8 38. Bxg7+ Rxg7
39. Qxg7+ Ke8 40. Qh7 Nf7 41. Rxe6+ Qxe6 42. Bxe6 Ke7 43. Qxf7+ Kd6 44. Qd7#
{Black checkmated}
1-0

[Event "ICC Open 2015"]
[Site "Internet Chess Club"]
[Date "2015.05.30"]
[Round "8"]
[White "DarkThrone"]
[Black "slothchess"]
[Result "1-0"]
[ICCResult "Black checkmated"]
[WhiteElo "2418"]
[BlackElo "1634"]
[Opening "Kevitz-Trajkovich defense"]
[ECO "A50"]
[NIC "QP.07"]
[Time "15:36:16"]
[TimeControl "180+0"]

1. d4 Nf6 2. c4 Nc6 3. Nc3 e5 4. d5 Ne7 5. h4 Ng6 6. h5 Ne7 7. h6 gxh6 8.
Bxh6 Bxh6 9. Rxh6 Ng4 10. Rh1 d6 11. e3 a6 12. Qc2 Ng6 13. Bd3 Nh4 14. O-O-O
Nxg2 15. Nf3 N2xe3 16. fxe3 Nxe3 17. Qf2 Nxd1 18. Nxd1 Bd7 19. Nd2 Qe7 20.
Ne3 O-O-O 21. Bf5 Kb8 22. Bxd7 Qxd7 23. Ne4 Qa4 24. b3 Qd7 25. Nf5 Rdg8 26.
Nf6 Qd8 27. Nxg8 Rxg8 28. Rg1 h5 29. Rxg8 Qxg8 30. Kb2 Qg4 31. Nh4 e4 32.
Qf6 e3 33. Kc3 e2 34. Kd2 Ka7 35. Nf3 h4 36. Qd4+ Qxd4+ 37. Nxd4 h3 38. Nf3
h2 39. Nxh2 e1=Q+ 40. Kxe1 Kb6 41. Kd2 Kc5 42. Kc3 a5 43. a3 b6 44. b4+
axb4+ 45. axb4# {Black checkmated} 1-0

[Event "ICC Open 2015"]
[Site "Internet Chess Club"]
[Date "2015.05.30"]
[Round "8"]
[White "zonata"]
[Black "beaupre"]
[Result "1-0"]
[ICCResult "Black resigns"]
[WhiteElo "2334"]
[BlackElo "1821"]
[Opening "Sicilian: Labourdonnais-Löwenthal variation"]
[ECO "B32"]
[NIC "SI.32"]
[Time "15:39:09"]
[TimeControl "180+0"]

1. e4 c5 2. Nf3 Nc6 3. d4 cxd4 4. Nxd4 e5 5. Nxc6 bxc6 6. c4 Nf6 7. Nc3 Bb4
8. Bd3 d5 9. cxd5 cxd5 10. Qa4+ Bd7 11. Qxb4 dxe4 12. Bxe4 Nxe4 13. Nxe4 Rb8
14. Nd6+ Kf8 15. Nb7+ Qe7 16. Qxe7+ Kxe7 17. Nc5 Bf5 18. O-O Rb5 19. Be3
Rxb2 20. a4 Rhb8 21. a5 h6 22. a6 Rc2 23. Rfc1 Rcb2 24. Nb7 Kf6 25. Bxa7 Re8
26. h3 Re7 27. Bc5 Rd7 28. Nd6 Be6 29. a7 Bd5 30. a8=Q Bxa8 31. Rxa8 Rd2 32.
Ne4+ {Black resigns} 1-0

[Event "ICC Open 2015"]
[Site "Internet Chess Club"]
[Date "2015.05.30"]
[Round "8"]
[White "Sjelan"]
[Black "WhiteHorse"]
[Result "1-0"]
[ICCResult "Black checkmated"]
[WhiteElo "2187"]
[BlackElo "1991"]
[Opening "Queen's pawn game, Darooha variation "]
[ECO "D02"]
[NIC "QP.08"]
[Time "15:35:54"]
[TimeControl "180+0"]

1. d4 d5 2. Nf3 Nf6 3. c4 Nc6 4. cxd5 Qxd5 5. Nc3 Qh5 6. e3 Bg4 7. h3 O-O-O
8. Be2 e5 9. Qa4 exd4 10. exd4 Bb4 11. Be3 Ne4 12. O-O-O Bxf3 13. Bxf3 Nxc3
14. bxc3 Qa5 15. Qxa5 Bxa5 16. Bxc6 bxc6 17. Kc2 Rd5 18. c4 Rd7 19. g4 Re8
20. Rd3 Bb4 21. h4 g6 22. h5 f5 23. hxg6 hxg6 24. gxf5 gxf5 25. Rh5 f4 26.
Bxf4 Re2+ 27. Kb3 Be1 28. f3 Rf7 29. Be5 a5 30. f4 Kb7 31. Rhh3 Bd2 32. Rhf3
Ka6 33. Ka4 Bc1 34. a3 Rb2 35. Rb3 Rc2 36. Rbc3 Rxc3 37. Rxc3 Bd2 38. Rf3 c5
39. d5 Rf5 40. Kb3 Kb7 41. Kc2 Be1 42. a4 Bh4 43. Kd3 Rf7 44. f5 Be7 45. f6
Kc8 46. Ke4 Bf8 47. Kf5 Rh7 48. Ke6 Rh4 49. Rg3 Bh6 50. Rg8+ Kb7 51. f7 Rxc4
52. Bg7 Bxg7 53. Rxg7 Rf4 54. Rg8 c4 55. f8=Q Rxf8 56. Rxf8 Kb6 57. Rf4 Kc5
58. Ke5 c3 59. Rf3 Kb4 60. Rf2 Kxa4 61. Kd4 Kb4 62. Kd3 a4 63. Rc2 Kc5 64.
Rxc3+ Kxd5 65. Ra3 c5 66. Rxa4 Kc6 67. Kc3 Kb5 68. Rh4 Kc6 69. Kc4 Kd6 70.
Rh6+ Ke5 71. Rh5+ Ke4 72. Rxc5 Ke3 73. Rd5 Ke4 74. Rd4+ Ke3 75. Kc3 Kf3 76.
Kd3 Kg3 77. Ke3 Kg2 78. Rg4+ Kh3 79. Kf3 Kh2 80. Rg3 Kh1 81. Kf2 Kh2 82. Rf3
Kh1 83. Rh3# {Black checkmated} 1-0

[Event "ICC Open 2015"]
[Site "Internet Chess Club"]
[Date "2015.05.30"]
[Round "8"]
[White "akibael"]
[Black "triumphant1"]
[Result "0-1"]
[ICCResult "White resigns"]
[WhiteElo "2364"]
[BlackElo "2170"]
[Opening "Neo-Grünfeld, 6.O-O c6"]
[ECO "D78"]
[NIC "GI.02"]
[Time "15:36:19"]
[TimeControl "180+0"]

1. d4 d5 2. Nf3 Nf6 3. g3 g6 4. Bg2 Bg7 5. O-O O-O 6. c4 c6 7. Nc3 e6 8. b3
a5 9. Bb2 Nbd7 10. Qc2 Re8 11. e4 dxe4 12. Nxe4 Nxe4 13. Qxe4 c5 14. Rad1
cxd4 15. Bxd4 Nf6 16. Qh4 Nd7 17. Bxg7 Qxh4 18. Nxh4 Kxg7 19. Bxb7 Bxb7 20.
Rxd7 Bc6 21. Rd6 Rec8 22. Ng2 Rab8 23. Rfd1 a4 24. R6d3 Be4 25. Rc3 a3 26.
f3 Ba8 27. Kf2 Rd8 28. Rcd3 Rxd3 29. Rxd3 e5 30. Ne3 f5 31. Ke2 e4 32. fxe4
Bxe4 33. Rd2 g5 34. Nd5 Re8 35. Kf2 Kg6 36. Nc3 Bh1 37. Nb5 f4 38. gxf4 gxf4
39. Nxa3 Kf5 40. Nb5 Rg8 41. Nd4+ Ke4 42. Re2+ Kd3 43. Kf1 Kxd4 44. Kf2 Be4
45. Rd2+ Kc3 46. Rd7 Rg2+ 47. Kf1 f3 48. c5 Bd3+ 49. Rxd3+ Kxd3 50. c6 Rc2
{White resigns}
0-1

[Event "ICC Open 2015"]
[Site "Internet Chess Club"]
[Date "2015.05.30"]
[Round "8"]
[White "talaatabdin"]
[Black "grancaruso"]
[Result "0-1"]
[ICCResult "White forfeits on time"]
[WhiteElo "1435"]
[BlackElo "1811"]
[Opening "Sicilian: closed"]
[ECO "B23"]
[NIC "SI.44"]
[Time "15:35:59"]
[TimeControl "180+0"]

1. e4 c5 2. Nc3 e6 3. Nf3 d5 4. exd5 exd5 5. Bb5+ Nc6 6. O-O Nf6 7. d3 Be7
8. h3 O-O 9. Bf4 Qb6 10. Bxc6 Qxc6 11. Ne5 Qb6 12. Rb1 Be6 13. Re1 Rfe8 14.
Qf3 Rad8 15. Qg3 Kh8 16. Ne2 Nh5 17. Qf3 Nxf4 18. Nxf4 Kg8 19. Qh5 Bf6 20.
Nxe6 Qxe6 21. Ng4 Qxe1+ 22. Rxe1 Rxe1+ 23. Kh2 Re6 24. Nxf6+ Rxf6 25. Qe5
Rfd6 26. f3 g6 27. Qe7 R8d7 28. Qe8+ Kg7 29. Qe5+ Kg8 30. Qe8+ Kg7 31. Qe5+
f6 32. Qe8 b6 33. c4 dxc4 34. dxc4 Rd4 35. b3 Rd2 36. Qe4 Rxa2 37. h4 Rb2
38. Qe6 Rbd2 39. Kh3 R2d6 40. Qe4 Kf7 41. g3 Re7 {White forfeits on time}
0-1

[Event "ICC Open 2015"]
[Site "Internet Chess Club"]
[Date "2015.05.30"]
[Round "8"]
[White "mockingbird"]
[Black "TapculescuM"]
[Result "0-1"]
[ICCResult "White checkmated"]
[WhiteElo "2210"]
[BlackElo "1870"]
[Opening "Sicilian: Taimanov variation"]
[ECO "B46"]
[NIC "SI.43"]
[Time "15:35:38"]
[TimeControl "180+0"]

1. e4 c5 2. Nf3 e6 3. Nc3 Nc6 4. d4 cxd4 5. Nxd4 a6 6. Be2 Qc7 7. O-O Nf6 8.
Be3 d6 9. a4 Be7 10. f4 O-O 11. Bf3 Re8 12. Nb3 b6 13. g4 Bb7 14. g5 Nd7 15.
Bg2 Nb4 16. Rf3 Rac8 17. Rh3 Nc5 18. Rc1 Bf8 19. Qh5 h6 20. gxh6 g6 21. h7+
Kh8 22. Qh4 Qd8 23. Bd4+ e5 24. fxe5 dxe5 25. Qxd8 Rcxd8 26. Bxc5 Bxc5+ 27.
Nxc5 bxc5 28. Rf3 Re7 29. Rf2 Kxh7 30. Rcf1 Kg7 31. b3 Bc6 32. Rf6 Rd2 33.
R1f2 Rxf2 34. Rxf2 Rd7 35. Bf1 Rd4 36. Bxa6 Nxa6 37. Nb5 Bxb5 38. axb5 Nb8
39. b6 Rd6 40. b7 Rb6 41. Rd2 Rxb7 42. Rd5 Nd7 43. Kf2 Kf6 44. Ke3 Ke6 45.
Kd3 f5 46. c4 f4 47. Ke2 g5 48. Rd2 g4 49. Kf2 Nf6 50. Kg2 Nxe4 51. Re2 Kf5
52. Re1 f3+ 53. Kf1 Rh7 54. Rb1 Rxh2 55. Kg1 Rg2+ 56. Kf1 Ng3+ 57. Ke1 Re2+
58. Kd1 f2 59. Kc1 f1=Q# {White checkmated} 0-1

[Event "ICC Open 2015"]
[Site "Internet Chess Club"]
[Date "2015.05.30"]
[Round "8"]
[White "Andiamo"]
[Black "AlexSlizhevsky"]
[Result "0-1"]
[ICCResult "White resigns"]
[WhiteElo "1449"]
[BlackElo "2020"]
[Opening "Sicilian: Najdorf, Byrne (English) attack"]
[ECO "B90"]
[NIC "SI.14"]
[Time "15:37:26"]
[TimeControl "180+0"]

1. e4 c5 2. Nf3 d6 3. d4 cxd4 4. Nxd4 Nf6 5. Nc3 a6 6. Be3 e5 7. Nb3 Be7 8.
f3 Be6 9. Qd2 O-O 10. g4 d5 11. exd5 Nxd5 12. Nxd5 Bxd5 13. Bg2 Bh4+ 14. Bf2
Bxf2+ 15. Qxf2 Qg5 16. O-O Nc6 17. c3 Rad8 18. Rad1 Qf6 19. Nc5 Ne7 20. Ne4
Qc6 21. Rd2 Bxe4 22. fxe4 Rxd2 23. Qxd2 Ng6 24. Rd1 Nf4 25. Qd7 Qc5+ 26. Kh1
Qf2 27. Qd2 Qh4 28. h3 Nxh3 29. Bxh3 Qxh3+ 30. Kg1 Qxg4+ 31. Qg2 Qxd1+ 32.
Kh2 Qh5+ 33. Kg1 Rd8 {White resigns} 0-1

[Event "ICC Open 2015"]
[Site "Internet Chess Club"]
[Date "2015.05.30"]
[Round "8"]
[White "klodshans"]
[Black "suilven"]
[Result "1-0"]
[ICCResult "Black forfeits on time"]
[WhiteElo "1643"]
[BlackElo "1825"]
[Opening "Queen's pawn, Mason variation"]
[ECO "D00"]
[NIC "QP.08"]
[Time "15:35:21"]
[TimeControl "180+0"]

1. d4 d5 2. Bf4 Nf6 3. e3 c6 4. Nd2 Bf5 5. c4 e6 6. Qb3 Qb6 7. Ngf3 Be7 8.
Be2 O-O 9. h3 Nbd7 10. O-O h6 11. c5 Qxb3 12. axb3 a6 13. b4 Ne4 14. Nb3 g5
15. Bh2 h5 16. Rfd1 g4 17. hxg4 hxg4 18. Ne5 g3 19. Bxg3 Nxg3 20. fxg3 Nxe5
21. dxe5 Rad8 22. Nd4 Be4 23. Bf3 Bg5 24. Kf2 Bg6 25. Rh1 Kg7 26. Rh2 Rh8
27. Rah1 Rxh2 28. Rxh2 Ra8 29. Nb3 Bd8 30. g4 Bc7 31. Na5 Rb8 32. g3 Bxe5
33. Ke1 Bf6 34. Re2 Bd8 35. Nb3 Bc7 36. Nd4 Bxg3+ 37. Kd2 Be5 38. Nb3 Bxb2
39. Nd4 Bxd4 40. exd4 Rh8 41. Ke3 Rh3 42. Kf4 Kf6 43. Bg2 Rh2 44. Kg3 Rh6
45. Kf4 Kg7 46. g5 Rh2 47. Kg3 Rh8 48. Bf3 Bf5 49. Rh2 Kg6 50. Rxh8 Kxg5 51.
Rb8 e5 52. dxe5 Bd3 53. Rxb7 Kf5 54. Rxf7+ Kxe5 55. Rc7 Bc4 56. Rxc6 d4 57.
Rc8 d3 58. c6 Be6 59. Re8 d2 60. c7 Kd6 61. c8=Q Bxc8 62. Rxc8 Kd7 63. Rc2
Kd6 64. Rxd2+ Kc7 65. Rb2 Kb6 66. Be4 Kb5 67. Kf2 Ka4 68. Bd3 Ka3 69. Rb1
Ka4 70. Ra1+ Kxb4 71. Rxa6 Kc5 72. Ke3 {Black forfeits on time} 1-0

[Event "ICC Open 2015"]
[Site "Internet Chess Club"]
[Date "2015.05.30"]
[Round "8"]
[White "Ricardov"]
[Black "lagarto300"]
[Result "1-0"]
[ICCResult "Black forfeits on time"]
[WhiteElo "2324"]
[BlackElo "1983"]
[Opening "Giuoco Pianissimo"]
[ECO "C50"]
[NIC "IG.02"]
[Time "15:35:54"]
[TimeControl "180+0"]

1. e4 e5 2. Nf3 Nc6 3. Bc4 Bc5 4. d3 d6 5. c3 Qe7 6. Bb3 Nf6 7. h3 a6 8.
Nbd2 Bd7 9. Nf1 h6 10. Ng3 Ba7 11. Qe2 g6 12. Be3 Bxe3 13. Qxe3 Be6 14. d4
Bxb3 15. axb3 h5 16. d5 Nb8 17. b4 O-O 18. Nf5 gxf5 19. Qg5+ Kh8 20. Nh4 Rg8
21. Qh6+ Nh7 22. Nxf5 Qg5 23. g4 Qxh6 24. Nxh6 Rg7 25. Nf5 Rg5 26. Nh6 Kg7
27. Nf5+ Kf6 28. f3 Nd7 29. h4 Rgg8 30. g5+ Kg6 31. Ne7+ Kg7 32. Nxg8 Kxg8
33. c4 Nb6 34. c5 dxc5 35. bxc5 Nc4 36. b3 Ne3 37. Kd2 Ng2 38. Rh2 Nf4 39.
b4 Rb8 40. Kc3 f6 41. Kc4 fxg5 42. hxg5 Kg7 43. Rg1 Kg6 44. d6 cxd6 45. cxd6
Rc8+ 46. Kb3 Rd8 47. Rd2 Nf8 48. Rc1 Rd7 49. Rc7 Kf7 50. Rxd7+ Nxd7 51. b5
axb5 52. Kb4 Ke6 53. Rd1 Ng6 54. Rh1 Kxd6 55. Rh2 Ndf8 56. Rxh5 Ke6 57. Rh6
b6 58. Rh1 {Black forfeits on time} 1-0

[Event "ICC Open 2015"]
[Site "Internet Chess Club"]
[Date "2015.05.30"]
[Round "8"]
[White "Red-white"]
[Black "kava"]
[Result "0-1"]
[ICCResult "White resigns"]
[WhiteElo "3077"]
[BlackElo "2891"]
[Opening "English: Nimzo-English opening"]
[ECO "A05"]
[NIC "EO.58"]
[Time "15:36:02"]
[TimeControl "180+0"]

1. Nf3 Nf6 2. c4 e6 3. Nc3 Bb4 4. Qc2 c5 5. a3 Ba5 6. g3 Nc6 7. Bg2 O-O 8.
O-O d6 9. d3 h6 10. Rb1 a6 11. Bd2 Bd7 12. Rfc1 Rb8 13. Ne4 Bxd2 14. Nxf6+
Qxf6 15. Nxd2 b5 16. e3 b4 17. Ne4 Qe7 18. axb4 Nxb4 19. Qe2 Rb6 20. Ra1
Rfb8 21. Nd2 Bc6 22. b3 Bxg2 23. Kxg2 Qf6 24. Ne4 Qe7 25. Rd1 Qc7 26. d4 Qb7
27. Qf3 cxd4 28. exd4 Nc2 29. Rab1 Na3 30. Rbc1 Rxb3 31. Rd3 Rxd3 32. Qxd3
Nxc4 33. Rxc4 d5 34. Nf6+ gxf6 35. Rc5 Qb1 36. Qe3 Kg7 37. Qf4 Rb4 38. Rc6
a5 39. Ra6 a4 40. Qd2 Qe4+ 41. Kh3 Rxd4 42. Qb2 Rd3 43. Ra8 Rb3 44. Qc1 Qf5+
45. Kg2 Qf3+ 46. Kh3 Qf5+ 47. Kg2 Qe4+ 48. Kh3 h5 49. Qc8 Qg4+ 50. Kg2 Qf3+
51. Kh3 Qf5+ 52. Kg2 Qh7 53. Rxa4 Kg6 54. Rh4 Kg7 55. g4 Qg6 56. h3 Rb4 57.
Rxh5 Rxg4+ 58. hxg4 Qxg4+ {White resigns} 0-1

[Event "ICC Open 2015"]
[Site "Internet Chess Club"]
[Date "2015.05.30"]
[Round "8"]
[White "gioachino82"]
[Black "Muravey"]
[Result "0-1"]
[ICCResult "White forfeits on time"]
[WhiteElo "1454"]
[BlackElo "1817"]
[Opening "Sicilian: Scheveningen variation"]
[ECO "B80"]
[NIC "SI.19"]
[Time "15:35:56"]
[TimeControl "180+0"]

1. e4 c5 2. Nf3 d6 3. d4 cxd4 4. Nxd4 Nf6 5. Nc3 e6 6. Be3 Be7 7. Be2 O-O 8.
Qd2 Nc6 9. O-O-O e5 10. Nb3 a5 11. a3 a4 12. Na1 Be6 13. f3 Qa5 14. Nd5 Bxd5
15. Qxa5 Rxa5 16. exd5 Rxd5 17. Rxd5 Nxd5 18. Bd2 Rc8 19. c3 Nd4 20. Bd1 b5
21. Kb1 Ne6 22. Nc2 Nb6 23. Be2 Nc4 24. Bc1 Nc5 25. Ne3 Nb3 26. Nxc4 bxc4
27. Rd1 Kf8 28. Be3 Rc6 29. Rd5 f5 30. Rb5 f4 31. Bc1 Nxc1 32. Kxc1 Kf7 33.
Kc2 Ke6 34. Ra5 d5 35. Rxa4 Bd6 36. Ra7 Bc7 37. b4 d4 38. b5 d3+ 39. Bxd3
cxd3+ 40. Kxd3 Rd6+ 41. Kc2 Kd7 42. a4 Kc8 43. Ra8+ Kb7 44. Rg8 Rd7 45. Kb3
Ba5 46. c4 Rc7 47. Re8 Rc5 48. Re6 Bb6 49. Re7+ Bc7 50. Rxg7 Kb6 51. Rxh7
Ka5 52. Rh6 Bb6 {White forfeits on time} 0-1

[Event "ICC Open 2015"]
[Site "Internet Chess Club"]
[Date "2015.05.30"]
[Round "8"]
[White "Bartof"]
[Black "Radja"]
[Result "0-1"]
[ICCResult "White forfeits on time"]
[WhiteElo "2002"]
[BlackElo "2402"]
[Opening "Trompowsky attack (Ruth, Opocenský opening)"]
[ECO "A45"]
[NIC "QP.07"]
[Time "15:35:49"]
[TimeControl "180+0"]

1. d4 Nf6 2. Bg5 d5 3. Bxf6 exf6 4. e3 c5 5. c4 cxd4 6. Qxd4 Be6 7. cxd5
Qxd5 8. Qxd5 Bxd5 9. Nc3 Bb4 10. O-O-O Bc6 11. Nd5 Ba5 12. Nf3 Nd7 13. Kb1
Ne5 14. Be2 Rd8 15. Nf4 O-O 16. a3 Be4+ 17. Ka1 Ng4 18. b4 Bb6 19. Rhf1 Ne5
20. Nxe5 fxe5 21. Nd3 f6 22. g3 a5 23. Kb2 axb4 24. axb4 Bc6 25. Nc1 f5 26.
Nb3 e4 27. Rxd8 Bxd8 28. Rd1 Bf6+ 29. Kc2 Ba4 30. Bc4+ Kh8 31. Kb1 g6 32.
Rd6 b5 33. Bd5 Be7 34. Rb6 Bxb4 35. Nd4 Bc5 36. Rb7 Bxd4 37. exd4 Rd8 38.
Be6 Rxd4 39. Rb8+ Kg7 40. Rb7+ Kf6 {White forfeits on time} 0-1